 Dungeon Crawl Stone Soup version 0.31-a0-986-g5e6e4ef867 (webtiles) character file.

Game seed: 2110362809476876748

389 Maxmaps the Covert (level 6, -4/39 HPs)
             Began as an Octopode Brigand on Nov 7, 2023.
             Slain by Duvessa
             ... wielding a +0 short sword
              (11 damage)
             ... on level 4 of the Dungeon.
             The game lasted 00:03:05 (2223 turns).

Maxmaps the Covert (Octopode Brigand)               Turns: 2223, Time: 00:03:05

Health: -4/39      AC:  1    Str: 11    XL:     6   Next: 79%
Magic:  6/6        EV: 14    Int: 15    God:
Gold:   213        SH:  0    Dex: 13    Spells: 5/5 levels left

rFire   . . .        o - +3 dagger (venom)
rCold   + . .        (no shield)
rNeg    . . .        (helmet restricted)
rPois   .            (no amulet)
rElec   .            n - ring of willpower
rCorr   .            a - ring of protection from cold
SInv    .            (no ring)
Will    +....        (no ring)
Stlth   +++++        (no ring)
HPRegen 0.26/turn    (no ring)
MPRegen 0.10/turn    (no ring)
                     (no ring)

%: no passive effects
@: no status effects
A: almost no armour, amphibious, 8 rings, camouflage 1, gelatinous body 1,
(nimble swimmer 1), tentacles
a: no special abilities


You were on level 4 of the Dungeon.
You visited 1 branch of the dungeon, and saw 4 of its levels.

You collected 213 gold pieces.

Inventory:

Hand Weapons
 o - a +3 dagger of venom (weapon)
Missiles
 b - 15 poisoned darts (quivered)
 c - 3 curare-tipped darts
 m - a throwing net
Jewellery
 a - a ring of protection from cold (right tentacle)
 n - a ring of willpower (left tentacle)
Scrolls
 e - a scroll of vulnerability
 g - 2 scrolls of fear
 j - 2 scrolls of enchant weapon
 k - a scroll of identify
Potions
 d - a potion of degeneration
 f - 3 potions of berserk rage
 h - a potion of lignification
 i - 2 potions of resistance
 l - a potion of curing
 p - a potion of might
 q - a potion of cancellation {unknown}


   Skills:
 - Level 2.0 Fighting
 - Level 2.0 Short Blades
 - Level 2.0 Throwing
 - Level 4.2 Dodging
 + Level 9.2 Stealth


You had 5 spell levels left.
You didn't know any spells.
Your spell library contained the following spells:

 Spells                   Type           Power      Damage    Failure   Level
 Ignite Poison            Fire/Tmut/Pois 0%         N/A       63%         3
 Leda's Liquefaction      Hex/Erth       0%         N/A       95%         4
 Sticky Flame             Conj/Fire      0%         2d3       95%         4
 Lee's Rapid Deconstruct  Erth           0%         3d4*      100%        5
 Bombard                  Conj/Erth      0%         9d1       100%        6
 Ignition                 Fire           0%         3d3       100%        8


Dungeon Overview and Level Annotations

Branches:
Dungeon (4/15)
 Temple: D:4-7

Altars:

Annotations:
D:4 Duvessa


Innate Abilities, Weirdness & Mutations

You cannot wear most types of armour.
You are amphibious.
You can wear up to eight rings at the same time.
Your skin changes colour to match your surroundings (Stealth+).
Your rubbery body absorbs attacks. (AC +1, EV +1)
((You are camouflaged when in or above water. (Stealth+)))
You have tentacles for arms and can constrict up to eight enemies at once.


Message History

You feel sick. The adder misses you.
You barely miss the adder.
The adder is severely wounded.
You constrict the adder.
You feel sick.
You kill the adder!
You feel sick.
You feel sick.
You feel sick.
You are no longer poisoned.
You now have 213 gold pieces (gained 9).
Dowan, Brother of Duvessa comes into view.
He is wielding a +0 dagger.
Dowan is nearby!
Dowan is nearby!
Dowan is nearby!
Duvessa, Sister of Dowan comes into view.
She is wielding a +0 short sword.
The helpless Dowan fails to defend himself.
You skewer Dowan like a kebab!!!
You kill Dowan!
You hear a distant scream of rage.
Your Stealth skill increases to level 9!
Duvessa goes berserk!
Duvessa closely misses you.
Things that are here:
a +0 dagger; a +0 robe You hit Duvessa.
You grab Duvessa.
Duvessa is lightly wounded.
You constrict Duvessa, but do no damage.
Duvessa hits you with a +0 short sword!
You hit Duvessa but do no damage.
Duvessa is lightly wounded.
You constrict Duvessa, but do no damage.
Duvessa hits you with a +0 short sword! x2
* * * LOW HITPOINT WARNING * * *
You are too injured to fight recklessly!
You are too injured to fight recklessly!
Okay, then.
Okay, then.
You feel better.
You constrict Duvessa, but do no damage.
Duvessa hits you with a +0 short sword!
You die...

#...........#####
#......##.......##
#....<.#.........#
#.(....#.........#
.......#..#....###
.........##.....#
.........###....#
........####....##
..........#.....@#
.#######....##...e..#
## #.#.. ##.###.#
###.. ### # #..# #.


You could see Duvessa (berserk).

Vanquished Creatures
  An ogre (D:4)
  Dowan (D:4)
  An orc priest (D:3)
  2 hounds (D:3)
  Jessica (D:2)
  An orc wizard (D:3)
  Terence (D:2)
  2 adders
  A gnoll (D:3)
  A dart slug (D:2)
  An orc (D:3)
  5 bats
  5 endoplasms
  2 giant cockroaches
  3 goblins
  8 hobgoblins
  2 jackals (D:1)
  4 quokkas
  11 ball pythons
  2 frilled lizards
  4 kobolds
  3 rats
62 creatures vanquished.

Notes
Turn   | Place    | Note
-------+----------+-------------------------------------------
     0 | D:1      | Maxmaps the Octopode Brigand began the quest for the Orb.
     0 | D:1      | Reached XP level 1. HP: 14/14 MP: 1/1
   155 | D:1      | Reached XP level 2. HP: 19/19 MP: 2/2
   499 | D:2      | Noticed Jessica
   511 | D:2      | Killed Jessica
   512 | D:2      | Reached XP level 3. HP: 18/24 MP: 3/3
   638 | D:2      | Reached XP level 4. HP: 27/29 MP: 4/4
   684 | D:2      | Noticed Terence
   687 | D:2      | Killed Terence
  1219 | D:3      | Reached skill level 6 in Stealth
  1219 | D:3      | Reached XP level 5. HP: 10/34 MP: 5/5
  1671 | D:3      | Reached skill level 7 in Stealth
  1677 | D:3      | Reached XP level 6. HP: 22/39 MP: 6/6
  2077 | D:4      | Reached skill level 8 in Stealth
  2212 | D:4      | Noticed Dowan
  2217 | D:4      | Noticed Duvessa
  2219 | D:4      | Killed Dowan
  2220 | D:4      | Reached skill level 9 in Stealth
  2223 | D:4      | Slain by Duvessa

Illustrated notes

Levels and vault maps discovered:
D:1:      dpeg_arrival_tiny_b, layout_rooms
D:2:      layout_loops_cross, kennysheep_generic_room_7, uniq_terence,
          uniq_jessica
D:3:      layout_rooms, dk_noncrumbling_2, cheibrodos_gnoll_hut
D:4:      minmay_chambers_of_threes, layout_cave_pools, tgw_sif, uniq_edmund,
          uniq_duvessa

Skill      XL: |  1  2  3  4  5  6 |
---------------+-------------------+-----
Dodging        | 2 3 4 |  4.2
Stealth        | 6 7 9 |  9.2
Fighting       | |  2.0
Short Blades   | |  2.0
Throwing       | |  2.0

Action                     |  1- 3 |  4- 6 || total
---------------------------+-------+-------++-------
  Melee: Dagger            |    42 |    67 ||   109
         Constrict         |    11 |    13 ||    24
         Tentacles         |    12 |     6 ||    18
    Use: Scroll            |       |    12 ||    12
         Potion            |       |     2 ||     2
   Stab: Sleeping          |     8 |    12 ||    20
 Armour: Skin              |     8 |    36 ||    44
  Dodge: Dodged            |    22 |    33 ||    55

Table legend: (Time is in decaauts)
 A = Elapsed time spent in this place.
 B = Non-inter-level travel time spent in this place.
 C = Inter-level travel time spent in this place.
 D = Time resting spent in this place.
 E = Time spent auto-exploring this place.
 F = Levels seen in this place.
 G = Mean time per level.
                   A        B        C        D        E       F      G
               +--------+--------+--------+--------+--------+-----+--------+
         Total |   2209 |   2136 |     73 |    214 |   1472 |   4 |  552.2 |
       Dungeon |   2209 |   2136 |     73 |    214 |   1472 |   4 |  552.2 |
               +--------+--------+--------+--------+--------+-----+--------+

Top non-repeatable levels by time:
     D:3: 786 daAuts
     D:2: 674 daAuts
     D:1: 480 daAuts
     D:4: 268 daAuts
